 Dungeon Crawl Stone Soup version 0.28.0-45-g0d030f2227 (webtiles) character file.

Game seed: 14871099860426420157

22 Icepheonix32 the Firebug (level 2, -5/15 HPs)
             Began as a Tengu Fire Elementalist on Apr 16, 2022.
             Slain by a goblin
             ... wielding a +0 club
             ... led by Robin
              (6 damage)
             ... on level 2 of the Dungeon.
             The game lasted 00:01:10 (1508 turns).

Icepheonix32 the Firebug (Tengu Fire Elementalist)  Turns: 1508, Time: 00:01:10

Health: -5/15      AC:  2    Str:  8    XL:     2   Next: 91%
Magic:  6/6        EV: 12    Int: 15    God:
Gold:   54         SH:  0    Dex: 14    Spells: 2/5 levels left

rFire   . . .      SeeInvis .   f - +0 dagger
rCold   . . .      Faith    .   (no shield)
rNeg    . . .      Spirit   .   a - +0 robe
rPois   .          Reflect  .   (helmet restricted)
rElec   .          Harm     .   (no cloak)
rCorr   .          Rampage  .   (no gloves)
Will    .....                   (boots unavailable)
Stlth   ++........              (no amulet)
HPRegen 0.05/turn               (no ring)
MPRegen 0.10/turn               (no ring)

@: no status effects
A: beak, talons 3
a: no special abilities


You were on level 2 of the Dungeon.
You visited 1 branch of the dungeon, and saw 2 of its levels.

You collected 54 gold pieces.

Inventory:

Hand Weapons
 f - a +0 dagger (weapon)
Armour
 a - a +0 robe (worn)
Magical Staves
 g - a staff of poison
Scrolls
 d - a scroll of identify {unknown}
 e - a scroll of teleportation {unknown}
Potions
 b - 2 potions of might {unknown}
 c - a potion of invisibility {unknown}
 h - 2 potions of curing {unknown}
 i - a potion of magic {unknown}
 j - a potion of flight {unknown}


   Skills:
 + Level 2.4 Dodging
 - Level 2.0 Stealth
 - Level 2.0 Spellcasting
 + Level 2.0 Conjurations
 + Level 4.1 Fire Magic


You had 2 spell levels left.
You knew the following spells:

 Your Spells              Type           Power      Damage    Failure   Level
a - Foxfire               Conj/Fire      40%        2x1d6     6%          1
b - Scorch                Fire           26%        2d6       6%          2

Your spell library contained the following spells:

 Spells                   Type           Power      Damage    Failure   Level
 Magic Dart               Conj           28%        1d4       10%         1
 Call Imp                 Summ           1%         N/A       32%         2
 Conjure Flame            Conj/Fire      10%        6-21      19%         3
 Inner Flame              Hex/Fire       7%         N/A       28%         3
 Mephitic Cloud           Conj/Pois/Air  3%         N/A       45%         3
 Flame Wave               Conj/Fire      10%        2d5       54%         4


Dungeon Overview and Level Annotations

Branches:
Dungeon (2/15)

Altars:

Annotations:
D:2 Robin


Innate Abilities, Weirdness & Mutations

You have a beak for a mouth.
You have claws for feet.


Message History

Done exploring.
Done exploring.
Done exploring.
Done exploring.
(D) Dungeon
Where to? (? - help)
There is a stone staircase leading down here.
You climb downwards.
The goblin shouts!
The hobgoblin shouts!
You hear a shout! x6
There is a stone staircase leading up here.
There are monsters nearby!
The hobgoblin closely misses you.
Robin of the Strong Arm comes into view.
They are wielding a +0 vorpal falchion.
A goblin comes into view. It is wielding a +0 club.
The hobgoblin closely misses you.
The goblin unwields a +0 club.
The goblin wields a +0 hunting sling.
The goblin shoots a stone.
The stone hits you. The goblin misses you.
A goblin comes into view. It is wielding a +0 club.
A goblin comes into view. It is wielding a +0 dagger.
Robin shouts!
The goblin shouts!
You hear a shout!
The hobgoblin hits you but does no damage.
Robin roars a battlecry!
The goblins go into a battle-frenzy!
The goblin hits you with a +0 club.
You hear a shout! x2
The hobgoblin closely misses you. Robin throws the goblin at you!
A goblin comes into view. It is wielding a +0 club.
The goblin hits you but does no damage. The goblin hits you with a +0 club.
The hobgoblin hits you.
* * * LOW HITPOINT WARNING * * *
Robin throws the goblin at you! The goblin barely misses you. x2
A goblin comes into view. It is wielding a +0 dagger.
The goblin hits you with a +0 club.
* * * LOW HITPOINT WARNING * * *
The goblin closely misses you. The hobgoblin closely misses you.
The goblin hits you with a +0 club.
* * * LOW HITPOINT WARNING * * *
The goblin hits you with a +0 club.
You die...

.# .. .#
.# . .#
...
##.##....
##g.......
#g@g#
...g.g.gg#
.........#
.........#
.........#
.........#
##########


You could see Robin, a hobgoblin (strong) and 5 goblins.

Vanquished Creatures
  3 ball pythons (D:1)
  4 endoplasms (D:1)
  3 hobgoblins (D:1)
  2 kobolds (D:1)
  3 bats (D:1)
  A frilled lizard (D:1)
  2 goblins (D:1)
  3 rats (D:1)
21 creatures vanquished.

Vanquished Creatures (others)
  64 foxfires (D:1)
64 creatures vanquished.

Grand Total: 85 creatures vanquished

Notes
Turn   | Place    | Note
-------+----------+-------------------------------------------
     0 | D:1      | Icepheonix32 the Tengu Fire Elementalist began the quest
                  | for the Orb.
     0 | D:1      | Reached XP level 1. HP: 10/10 MP: 4/4
   506 | D:1      | Found a faded altar of an unknown god.
   521 | D:1      | Reached XP level 2. HP: 15/15 MP: 3/6
  1054 | D:1      | Reached skill level 4 in Fire Magic
  1306 | D:1      | Learned a level 2 spell: Scorch
  1503 | D:2      | Noticed Robin
  1508 | D:2      | Slain by a goblin

Illustrated notes

Levels and vault maps discovered:
D:1:      minmay_arrival_nine_rooms, layout_basic,
          chequers_ecumenical_altar_simple, minmay_split_cup_small
D:2:      layout_rooms, kennysheep_minor_cross, uniq_robin

Skill      XL: |  1  2 |
---------------+-------+-----
Conjurations   | 2 |  2.0
Fire Magic     | 4 |  4.1
Dodging        | |  2.4
Stealth        | |  2.0
Spellcasting   | |  2.0

Action                   || total
-------------------------++-------
Melee: Unarmed           ||     7
       Kick              ||     2
       Peck              ||     2
 Cast: Foxfire           ||    42
 Stab: Sleeping          ||     1
Armor: Robe              ||     4
Dodge: Dodged            ||    19
